 Dungeon Crawl Stone Soup version bcrawl-1.21.3-2-g9d8a61a446 (webtiles) character file.

Game seed: 4175822008140254582

2151 janekpiasek the Summoner (level 9, -2/61 HPs)
             Began as a Barachi Summoner on Apr 15, 2020.
             Was a Follower of Sif Muna.
             Slain by a two-headed ogre
             ... wielding a +0 dire flail
              (21 damage)
             ... on level 8 of the Dungeon on Apr 16, 2020.
             The game lasted 00:35:32 (10681 turns).

janekpiasek the Summoner (Barachi Summoner)        Turns: 10681, Time: 00:35:32

Health: -2/61      AC:  3    Str: 10    XL:     9   Next: 31%
Magic:  2/18       EV: 14    Int: 24    God:    Sif Muna [*.....]
Gold:   486        SH:  0    Dex: 14    Spells: 6/21 levels left

rFire    . . .     SeeInvis .   x - +5 hand axe of the Mushroom {drain, +Fly MR+ Int+7}
rCold    . . .     Gourm    +   (no shield)
rNeg     . . .     Faith    .   J - +0 robe {MR+}
rPois    .         Spirit   .   I - +0 hat
rElec    +         Reflect  .   l - +0 cloak
rCorr    .         Harm     .   (no gloves)
MR       ++...                  (no boots)
Stlth    ++........             n - amulet of the gourmand
HPRegen  0.20/turn              q - ring of insulation
MPRegen  0.16/turn              D - +1 ring of evasion

@: lightly drained, slow
A: +LOS, swims, slowness 1, strong legs 1
a: Hop, Divine Energy, Renounce Religion, Evoke Flight


You were on level 8 of the Dungeon.
You worshipped Sif Muna.
Sif Muna was aware of your devotion.
You were very hungry.

You visited 2 branches of the dungeon, and saw 9 of its levels.

You collected 511 gold pieces.
You spent 25 gold pieces at shops.

Inventory:

Hand Weapons
 x - the +5 hand axe of the Mushroom (weapon) {drain, +Fly MR+ Int+7}
   (You found it on level 5 of the Dungeon)

   A truly terrible weapon, it drains the life of those it strikes.
   It affects your intelligence (+7).
   It affects your resistance to hostile enchantments.
   It lets you fly.
Armour
 a - a +0 robe
 l - a +0 cloak (worn)
 p - a +0 leather armour
 I - a +0 hat (worn)
 J - a +0 robe of magic resistance (worn)
Jewellery
 n - an amulet of the gourmand (around neck)
 q - a ring of insulation (left hand)
 r - an uncursed ring of protection from fire
 D - a +1 ring of evasion (right hand)
Wands
 C - a wand of digging (9)
 G - a wand of disintegration (4)
Scrolls
 b - 2 scrolls of amnesia
 d - 2 scrolls of magic mapping
 f - a scroll of noise {unknown}
 h - 2 scrolls of identify
 j - 8 scrolls of teleportation
 k - 2 scrolls of immolation
 t - a scroll of fear {unknown}
 u - a scroll of remove curse
 v - 2 scrolls of blinking {unknown}
 y - 3 scrolls of enchant armour {unknown}
 A - a scroll of enchant weapon {unknown}
 E - a scroll of brand weapon {unknown}
Potions
 g - 3 potions of brilliance {unknown}
 i - a potion of agility
 m - a potion of curing
 s - 2 potions of flight {unknown}
 w - 3 potions of heal wounds
 z - a potion of mutation {unknown}
 B - a potion of magic
 F - a potion of lignification {unknown}
 H - a potion of ambrosia {unknown}
Comestibles
 e - 9 rations {!d}


   Skills:
 - Level 2.0(1.5) Fighting
 - Level 3.0(2.5) Dodging
 - Level 2.0(1.5) Stealth
 + Level 6.5(5.9) Spellcasting
 * Level 10.9(10.3) Summonings
 - Level 5.0(4.5) Ice Magic
 * Level 3.3(2.7) Air Magic


You had 6 spell levels left.
You knew the following spells:

 Your Spells              Type           Power        Failure   Level  Hunger
a - Summon Small Mammal   Summ           ####         1%          1    None
b - Call Imp              Summ           ######       1%          2    None
c - Call Canine Familiar  Summ           ######..     1%          3    #......
d - Summon Ice Beast      Ice/Summ       #####...     3%          4    ###....
e - Summon Lightning Spi  Summ/Air       #####...     16%         5    #####..

Your spell library contained the following spells:

 Spells                   Type           Power        Failure   Level  Hunger


Dungeon Overview and Level Annotations

Branches:
Dungeon (8/12)             Temple (1/1) D:6            Lair (0/6) D:7
    Orc: D:8-11

Altars:
Ashenzari
Cheibriados
Dithmenos
Elyvilon
Fedhas
Gozag
Kikubaaqudgha
Lugonu
Makhleb
Nemelex Xobeh
Okawaru
Qazlal
Ru
Sif Muna
Trog
Uskayaw
Vehumet
Wu Jian
Xom
Yredelemnul
Zin
The Shining One

Shops:
D:4 (=%   D:7 *

Annotations:
D:8 1 runed translucent door


Innate Abilities, Weirdness & Mutations

You can see and be seen from farther away.
You can swim through water.
You cover ground slowly.
You can hop short distances.


Message History

Your warg bites the two-headed ogre.
The two-headed ogre closely misses your warg.
The two-headed ogre hits your warg with a +0 giant club!!
Your warg dies!
Your warg's corpse disappears in a puff of smoke!
The two-headed ogre shouts in stereo!
Your lightning spire disappears in a puff of smoke!
Your iron imp hits the two-headed ogre!
The two-headed ogre barely misses your iron imp.
The two-headed ogre hits your iron imp with a +0 giant club!!
Your iron imp dies!
Aiming: Disintegrate
Press: ? - help, Shift-Dir - straight line, f/p - two-headed ogre
Aim: a two-headed ogre, wielding a +0 dire flail and a +0 giant club (severely wounded, chance to defeat MR: 48%)
The two-headed ogre resists with some effort.
As you read the scroll of summoning, it crumbles to dust.
Wisps of shadow whirl around you...
The two-headed ogre hits you with a +0 dire flail!!
The two-headed ogre hits you with a +0 giant club!!
You die...

..########
).(............##
................##
...............O.#
................@#
.!.....>.......5Y#
.................#
...../......)....#
...# ....?.)...##
...# ........<##
...# ####.#####
.O...# #. .....# #


You could see a two-headed ogre, a friendly sky beast and a friendly crimson
imp.

Vanquished Creatures
  A water moccasin (D:6)
  A phantom (D:7)
  An orc warrior (D:7)
  2 bullfrogs
  A centaur zombie (D:3)
  A hound (D:6)
  2 worker ants
  3 adders
  2 oozes
  2 dart slugs
  A leopard gecko (D:6)
  4 orcs (D:6)
  5 hobgoblins
  4 jackals
  5 quokkas
  A ball python (D:5)
  3 bats
  A kobold (D:2)
  4 rats
44 creatures vanquished.

Vanquished Creatures (collateral kills)
  Pikel (D:6)
  An ugly thing (D:6)
  A phantom (D:6)
  An ice beast (D:6)
  A sky beast (D:4)
  2 orc warriors
  2 black bears
  An ogre (D:7)
  3 centaurs
  5 bullfrogs
  A water moccasin zombie (D:6)
  A scorpion (D:5)
  5 killer bees (D:7)
  2 wights (D:8)
  2 howler monkeys (D:6)
  A crimson imp (D:6)
  A centaur zombie (D:6)
  A hound (D:6)
  6 orc wizards
  2 bullfrog skeletons
  2 orc priests (D:6)
  2 iguanas (D:7)
  A worker ant (D:6)
  A worker ant zombie (D:7)
  An adder (D:4)
  3 shadow imps
  An adder skeleton (D:5)
  A worm (D:4)
  3 dart slugs
  4 leopard geckos
  18 orcs
  A giant cockroach (D:2)
  3 goblins
  8 hobgoblins
  3 jackals
  4 quokkas
  2 bats
  2 frilled lizards
  5 kobolds
  2 rats (D:1)
107 creatures vanquished.

Vanquished Creatures (others)
  2 fungi (D:8)
2 creatures vanquished.

Grand Total: 153 creatures vanquished

Notes
Turn   | Place    | Note
-------+----------+-------------------------------------------
     0 | D:1      | janekpiasek the Barachi Summoner began the quest for the
                  | Orb.
     0 | D:1      | Reached XP level 1. HP: 13/13 MP: 3/3
   677 | D:1      | Reached skill level 5 in Summonings
   677 | D:1      | Reached XP level 2. HP: 13/19 MP: 1/5
  2020 | D:2      | Reached XP level 3. HP: 15/24 MP: 4/7
  2118 | D:2      | Learned a level 2 spell: Call Imp
  2122 | D:2      | Learned a level 3 spell: Call Canine Familiar
  3209 | D:2      | Found a stormy altar of Qazlal.
  3494 | D:3      | Reached skill level 1 in Fighting
  3902 | D:3      | Reached XP level 4. HP: 32/32 MP: 3/8
  4267 | D:4      | Noticed a sky beast
  4711 | D:4      | Found Ucoadgho's Food Shop.
  4800 | D:4      | Found a glowing silver altar of Zin.
  4980 | D:4      | Found Tiokyzuo's Weapon Shop.
  5083 | D:4      | Killed a sky beast
  5083 | D:4      | Reached skill level 6 in Summonings
  5083 | D:4      | Reached XP level 5. HP: 37/37 MP: 4/10
  5138 | D:4      | Learned a level 4 spell: Summon Ice Beast
  5163 | D:4      | Found Idyru's Jewellery Emporium.
  5559 | D:5      | Entered Level 5 of the Dungeon
  5820 | D:5      | Got a twisted hand axe
  5826 | D:5      | Identified the +5 hand axe of the Mushroom {drain, +Fly MR+
                  | Int+7} (You found it on level 5 of the Dungeon)
  5893 | D:5      | Reached skill level 1 in Ice Magic
  5910 | D:5      | Noticed a bullfrog
  5922 | D:5      | Killed a bullfrog
  5922 | D:5      | Reached XP level 6. HP: 40/43 MP: 0/12
  6779 | D:6      | Noticed a water moccasin
  6802 | D:6      | Killed a water moccasin
  6802 | D:6      | Reached skill level 7 in Summonings
  6946 | D:6      | Reached XP level 7. HP: 40/50 MP: 2/13
  7212 | D:6      | Noticed Pikel
  7244 | D:6      | Killed Pikel
  7244 | D:6      | Reached skill level 8 in Summonings
  7270 | D:6      | Reached skill level 5 in Spellcasting
  7273 | D:6      | Reached XP level 8. HP: 41/56 MP: 3/15
  7769 | D:6      | Reached skill level 9 in Summonings
  7775 | D:6      | Noticed a purple ugly thing
  7784 | D:6      | Killed a purple ugly thing
  7957 | D:6      | Found a staircase to the Ecumenical Temple.
  7967 | Temple   | Entered the Ecumenical Temple
  8024 | Temple   | Became a worshipper of Sif Muna the Loreminder
  8247 | D:6      | Learned a level 5 spell: Summon Lightning Spire
  8432 | D:7      | Reached skill level 5 in Ice Magic
  8462 | D:6      | Reached skill level 10 in Summonings
  8462 | D:6      | Reached skill level 1 in Air Magic
  9361 | D:7      | Reached * piety under Sif Muna
  9361 | D:7      | Reached XP level 9. HP: 61/61 MP: 2/18
  9791 | D:7      | Found a staircase to the Lair.
 10178 | D:7      | Found Zypnoxoph's Assorted Antiques.
 10187 | D:7      | Bought a puce potion for 25 gold pieces
 10433 | D:8      | Found a runed translucent gate.
 10433 | D:8      | Identified the +11 short sword "Zoujiporch" {chaos, rPois
                  | rF+ rC- Dex+7}
 10433 | D:8      | Noticed a two-headed ogre
 10681 | D:8      | Slain by a two-headed ogre

Skill      XL: |  1  2  3  4  5  6  7  8  9 |
---------------+----------------------------+-----
Summonings     | 5 6 7 8 10 | 10.9
Dodging        | 3 |  3.0
Fighting       | 1 2 |  2.0
Spellcasting   | 3 4 5 6 |  6.5
Ice Magic      | 1 2 3 5 |  5.0
Air Magic      | 2 3 |  3.3
Stealth        | |  2.0

Action                   |  1- 3 |  4- 6 |  7- 9 || total
-------------------------+-------+-------+-------++-------
Melee: Club              |    43 |       |       ||    43
       Unarmed           |     2 |       |       ||     2
       Falchion          |    65 |    38 |       ||   103
       Hand axe          |       |    17 |    51 ||    68
 Cast: Summon Small Mamm |   114 |    38 |     1 ||   153
       Call Imp          |     3 |    27 |    18 ||    48
       Call Canine Famil |       |    14 |    16 ||    30
       Summon Ice Beast  |       |     4 |    42 ||    46
       Summon Lightning  |       |       |     2 ||     2
 Abil: Hop               |       |       |     1 ||     1
Evoke: Wand              |       |       |     1 ||     1
  Use: Scroll            |       |     9 |     3 ||    12
       Potion            |       |       |     5 ||     5
 Stab: Distracted        |     2 |       |       ||     2
       Sleeping          |     2 |     1 |       ||     3
  Eat: Chunk             |    11 |     7 |    15 ||    33
       Ration            |     1 |     2 |       ||     3
Armor: Robe              |    32 |    13 |     6 ||    51
Dodge: Dodged            |   112 |    67 |    80 ||   259
